Map: Post-Youth LE

Players

BoneSaw - Winner!

  • Race: Terran Terran
  • League: Platinum
  • Spawn Location: 7:00

llBooM

  • Race: Terran Terran
  • League: Gold
  • Spawn Location: 1:00

VOD

Have the link to the VOD?

Description

Time

  • Played on: April 17, 2024, 10:27 p.m.
  • Length: 15:30
Show
View Real Time Build Order
Export as new Build Order

BoneSaw Terran - Winner!

Build Orders:  

Get SALT Encoding   

  12  0:00  SCV  
  13  0:12  SCV  
  14  0:17  Supply Depot  
  14  0:24  SCV  
  15  0:32  Refinery  
  15  0:41  Barracks  
  15  0:46  SCV  
  16  0:58  SCV  
  17  1:10  SCV  
  18  1:28  Orbital Command  
  18  1:29  Marine  
  19  1:47  Command Center  
  19  1:55  SCV  
  19  1:56  Barracks Reactor  
  19  2:10  Factory  
  19  2:14  SCV  
  20  2:26  SCV  
  20  2:28  Supply Depot  
  21  2:37  Marine x2  
  21  2:38  Refinery  
  23  2:49  SCV  
  24  2:56  Starport  
  24  2:58  Factory Tech Lab  
  24  2:59  Marine x2  
  24  3:03  Orbital Command  
  26  3:06  SCV  
  27  3:18  Widow Mine  
  29  3:20  Marine x2  
  29  3:21  SCV  
  32  3:33  SCV  
  32  3:34  Supply Depot, SCV  
  34  3:39  Viking  
  36  3:46  SCV  
  36  3:47  SCV  
  38  3:54  Siege Tank  
  38  3:55  Supply Depot  
  41  3:59  SCV  
  41  4:00  SCV  
  43  4:11  Barracks  
  43  4:13  Barracks  
  43  4:17  SCV x2  
  43  4:20  Starport Tech Lab  
  45  4:24  Marine x2  
  45  4:29  SCV x2  
  43  4:48  Marine  
  43  4:49  Marine  
  43  4:53  SCV x2  
  45  5:02  Factory Tech Lab  
  45  5:05  SCV  
  46  5:09  Starport Reactor  
  46  5:10  SCV  
  46  5:13  Refinery  
  47  5:15  Stimpack  
  47  5:17  SCV  
  48  5:23  SCV  
  49  5:29  Siege Tank, SCV, Engineering Bay  
  49  5:30  Engineering Bay  
  49  5:35  Command Center  
  53  5:37  SCV  
  54  5:48  SCV  
  59  5:50  Marauder x2  
  59  5:59  Supply Depot  
  59  6:01  SCV x2  
  59  6:02  Terran Infantry Weapons Level 1  
  61  6:12  Marine  
  61  6:14  Supply Depot  
  62  6:21  Medivac x2, Marine  
  62  6:23  Supply Depot  
  62  6:25  Combat Shield, Supply Depot  
  67  6:27  Marine  
  67  6:28  Marauder  
  70  6:36  SCV x2  
  70  6:37  Missile Turret, Refinery  
  70  6:39  Armory  
  72  6:40  Missile Turret  
  72  6:42  Marine  
  72  6:43  Marine  
  72  6:44  Siege Tank  
  72  6:45  Marauder  
  79  6:57  SCV x2  
  81  7:02  Marine  
  81  7:03  Marauder  
  84  7:09  SCV  
  84  7:10  Supply Depot  
  84  7:11  Supply Depot  
  85  7:16  SCV x2  
  85  7:18  Marine  
  85  7:19  Marine  
  85  7:20  Marine  
  90  7:29  SCV x2  
  92  7:30  Siege Tank  
  92  7:33  Terran Infantry Armor Level 1  
  95  7:41  Orbital Command  
  95  7:42  SCV  
  95  7:43  SCV  
  97  7:52  Command Center  
  97  7:55  SCV x2  
  99  8:01  Supply Depot  
  99  8:03  Supply Depot  
  99  8:04  Supply Depot  
  99  8:07  SCV x3  
  99  8:08  Refinery  
  102  8:19  SCV x2  
  105  8:20  Marine x4, SCV, Refinery  
  105  8:25  Barracks, Supply Depot  
  109  8:27  Supply Depot  
  109  8:28  Barracks  
  109  8:29  Supply Depot  
  109  8:32  Barracks  
  109  8:33  SCV  
  109  8:34  SCV x2  
  112  8:43  Thor  
  112  8:45  Marine x2  
  120  9:00  SCV x3  
  123  9:04  Medivac x2  
  123  9:05  Marine  
  123  9:06  Marine x2  
  130  9:18  Barracks  
  130  9:21  Barracks  
  122  9:25  Thor  
  121  9:35  SCV  
  121  9:36  SCV x2  
  121  9:37  SCV  
  124  9:42  Marine x4  
  128  9:46  Barracks Reactor x2  
  128  9:48  SCV  
  129  9:54  Barracks Reactor  
  129  9:55  Terran Infantry Weapons Level 2, Terran Infantry Armor Level 2  
  129  9:56  SCV x2  
  132  10:00  Marine  
  132  10:03  SCV  
  132  10:05  Planetary Fortress  
  133  10:08  SCV, Marine x3  
  133  10:09  SCV  
  138  10:17  Missile Turret  
  138  10:20  Terran Vehicle Weapons Level 1, Missile Turret  
  138  10:30  Barracks, Marine  
  138  10:31  Marine x4  
  138  10:32  Barracks, Marine  
  138  10:33  Thor, Medivac x2  
  138  10:35  Barracks  
  154  10:40  Missile Turret  
  154  10:45  Sensor Tower  
  143  10:52  Marine x6  
  143  10:53  Marine x3  
  139  10:57  Marine x3  
  142  11:07  Refinery  
  142  11:09  Marine, Refinery  
  142  11:10  Marine x7  
  142  11:11  Marine  
  137  11:18  Thor  
  143  11:26  Command Center  
  143  11:27  Marine x4  
  143  11:28  Marine x3  
  143  11:29  Medivac x2  
  154  11:37  Missile Turret  
  154  11:40  Factory  
  154  11:41  Marine x3, Starport  
  157  11:49  SCV  
  157  11:50  Missile Turret, SCV x3  
  161  12:01  SCV  
  161  12:02  SCV  
  144  12:20  Marine x2  
  144  12:21  Marine x10  
  134  12:27  Thor  
  134  12:28  Factory Tech Lab  
  134  12:29  Starport Reactor  
  140  12:38  Marine x2  
  140  12:39  Marine x5  
  147  12:44  Terran Infantry Armor Level 3, Terran Infantry Weapons Level 3  
  147  12:47  Barracks Reactor x2  
  147  13:00  Marine x13  
  147  13:02  Medivac x2  
  147  13:03  Thor  
  147  13:05  Terran Vehicle Weapons Level 2  
  170  13:10  Thor  
  176  13:18  Marine  
  177  13:28  Marine  
  177  13:29  Marine  
  179  13:38  Sensor Tower  
  179  13:41  Marine x2  
  149  14:09  Marine x17  
  151  14:13  Thor x2  
  168  14:19  Medivac x2  
  168  14:20  Medivac x2  
  171  14:26  Planetary Fortress  
  171  14:27  Marine x9  
  171  14:28  Marine  
Show
View Real Time Build Order
Export as new Build Order

llBooM Terran 

Build Orders:  

Get SALT Encoding   

  12  0:00  SCV  
  13  0:12  SCV  
  14  0:19  Supply Depot  
  14  0:24  SCV  
  15  0:40  SCV  
  15  0:42  Barracks  
  16  0:46  Refinery  
  16  0:52  SCV  
  17  1:04  SCV  
  18  1:14  Refinery  
  18  1:16  SCV  
  19  1:28  SCV  
  19  1:31  Barracks Reactor  
  19  1:32  Supply Depot  
  20  1:41  SCV  
  20  1:43  Barracks  
  20  2:08  Reaper x2  
  22  2:11  Orbital Command  
  22  2:31  Reaper  
  22  2:32  Supply Depot  
  22  2:36  SCV  
  24  2:46  Reaper x2  
  24  2:48  SCV  
  27  2:57  Factory  
  27  3:04  SCV  
  28  3:13  Barracks Tech Lab  
  28  3:18  Engineering Bay  
  30  3:30  Command Center  
  28  3:34  Combat Shield  
  28  3:41  Marine x2  
  30  3:52  Factory Tech Lab  
  30  3:53  Missile Turret  
  30  4:00  Marine x2  
  32  4:18  Supply Depot  
  32  4:22  Marine, Supply Depot  
  30  4:58  Stimpack  
  28  5:02  Siege Tank  
  28  5:04  SCV  
  28  5:06  Refinery  
  32  5:08  SCV  
  33  5:16  SCV  
  33  5:20  SCV  
  35  5:26  Starport  
  35  5:28  SCV  
  36  5:32  SCV  
  36  5:34  Siege Tank  
  40  5:40  SCV  
  41  5:43  Missile Turret  
  41  5:44  SCV  
  41  5:48  Missile Turret  
  42  5:52  SCV  
  42  5:54  Armory  
  42  5:56  Terran Infantry Weapons Level 1, SCV  
  44  6:00  Marine  
  44  6:01  Marine  
  46  6:04  SCV, Engineering Bay  
  46  6:08  SCV  
  48  6:18  SCV  
  49  6:20  SCV  
  49  6:24  Starport Reactor, Armory  
  50  6:29  Starport  
  50  6:30  Widow Mine  
  52  6:33  Marine x2  
  54  6:40  Refinery  
  54  6:46  Terran Infantry Armor Level 1  
  54  6:52  Widow Mine  
  56  7:00  Missile Turret  
  56  7:09  Marine x2  
  56  7:13  Widow Mine  
  56  7:15  Barracks  
  60  7:16  Barracks  
  60  7:17  Barracks  
  60  7:21  Starport Reactor  
  60  7:22  Medivac x2  
  64  7:29  Armory  
  64  7:34  SCV  
  65  7:46  SCV  
  66  7:55  Widow Mine  
  68  8:02  Missile Turret  
  68  8:03  Missile Turret  
  68  8:05  Barracks Reactor x3, Missile Turret  
  68  8:15  Missile Turret  
  68  8:16  Widow Mine  
  70  8:33  Command Center  
  70  8:38  Orbital Command  
  70  8:55  Supply Depot  
  70  8:56  Supply Depot  
  70  9:01  Medivac x2, Marine x4  
  78  9:05  Supply Depot  
  78  9:06  Supply Depot  
  78  9:09  Siege Tank, Medivac, Marine x2  
  85  9:19  Marine x3  
  74  9:37  Marine x4  
  74  9:38  Marine x5  
  75  9:40  SCV x2  
  81  9:52  SCV  
  81  9:55  Marine x4  
  81  9:56  Marine x5  
  90  10:00  SCV x2  
  90  10:04  SCV, Refinery  
  90  10:05  Refinery  
  93  10:11  Siege Tank  
  93  10:12  Marine x3  
  93  10:13  Marine x2  
  101  10:19  Factory  
  102  10:21  Factory, SCV  
  102  10:25  SCV x2  
  104  10:44  Siege Tank  
  80  11:17  Factory Tech Lab x2  
  80  11:23  Terran Infantry Weapons Level 2, Terran Infantry Armor Level 2  
  80  11:26  Terran Vehicle Weapons Level 1  
  80  11:28  Siege Tank  
  83  11:41  Marine  
  83  11:42  Marine x8  
  83  11:44  Medivac x3  
  83  11:45  Medivac  
  100  11:51  Orbital Command  
  100  11:53  SCV x2  
  102  11:59  Marine x6  
  102  12:00  Siege Tank  
  111  12:05  SCV x2  
  111  12:17  SCV x2  
  89  12:36  Siege Tank  
  95  12:37  Siege Tank x2  
  98  12:48  Command Center  
  98  12:49  Marauder  
  100  13:10  Marauder  
  102  13:13  Siege Tank x3  
  111  13:20  Terran Ship Weapons Level 1  
  111  13:21  Marine x4  
  111  13:22  Marine x4  
  111  13:25  Medivac x4  
  127  13:32  Marauder  
  129  13:39  Marine x2  
  109  13:53  Marine x3, Marauder  
  109  13:54  Marine x3  
  104  13:57  Marine x2  
  78  14:11  Marine x3  
  78  14:12  Marine x3  
  78  14:14  Marine, Marauder  
  78  14:15  Marine  
  80  14:29  Marine x3  
  80  14:30  Marine x3  
  76  14:32  Marine x2  
  76  14:35  Siege Tank, Marine  
  76  14:36  Siege Tank x2  
  68  14:47  Marine x2  
  65  15:07  Marine x9  
Tags
 
Matchup
TvT
Race
Terran
Spawn Locations
Cross Positions
Add a new tag
Caveats
  • Supply blocks, unpowered buildings, or Contaminate may cause inaccurate times.
  • Supply counts are checked every 10 seconds.